 Dungeon Crawl Stone Soup version 0.31-a0-237-g2d982f9f85 (webtiles) character file.

Game seed: 10203477378540123457

114 qw the Shooter (level 4, 0/26 HPs)
             Began as a Gargoyle Hexslinger on July 11, 2023.
             Slain by an orc
             ... wielding a +0 mace
              (6 damage)
             ... on level 3 of the Dungeon.
             The game lasted 00:00:47 (2296 turns).

qw the Shooter (Gargoyle Hexslinger)                Turns: 2296, Time: 00:00:47

Health: 0/26       AC:  6    Str: 17    XL:     4   Next: 97%
Magic:  5/5        EV: 11    Int: 14    God:
Gold:   124        SH:  0    Dex: 14    Spells: 4/5 levels left

rFire   . . .        Y - +2 sling
rCold   . . .        (no shield)
rNeg    + . .        e - +0 leather armour
rPois   inf          (no helmet)
rElec   +            (no cloak)
rCorr   .            (no gloves)
SInv    .            (no boots)
Will    .....        (no amulet)
Stlth   +            i - +6 ring of strength
HPRegen 0.24/turn    (no ring)
MPRegen 0.09/turn

%: no passive effects
@: no status effects
A: sickness immunity, AC +3, negative energy resistance 1, electricity
resistance, torment resistance 1, petrification resistance
a: no special abilities


You were on level 3 of the Dungeon.
You visited 1 branch of the dungeon, and saw 3 of its levels.

You collected 124 gold pieces.


Innate Abilities, Weirdness & Mutations

You are immune to sickness and miasma.
Your stone body is resilient. (AC +3)
You are immune to poison.
You resist negative energy. (rN+)
You are resistant to electric shocks. (rElec)
You are resistant to unholy torment.
You are immune to petrification.


   Skills:
 - Level 2.0 Fighting
 + Level 4.6 Ranged Weapons
 - Level 1.5 Dodging
 - Level 1.0 Spellcasting
 - Level 2.6 Hexes


You had 4 spell levels left.
You knew the following spells:

 Your Spells              Type           Power      Damage    Failure   Level
a - Slow                  Hex            32%        N/A       11%         1

Your spell library contained the following spells:

 Spells                   Type           Power      Damage    Failure   Level
 Inner Flame              Hex/Fire       4%         N/A       50%         3
 Portal Projectile        Hex/Tloc       8%         N/A       50%         3
 Cause Fear               Hex            4%         N/A       71%         4

Inventory:

Hand Weapons
 Y - a +2 sling (weapon)
Armour
 e - a +0 leather armour (worn)
 g - a +0 ring mail
Jewellery
 i - a +6 ring of strength (left hand)
Scrolls
 a - a scroll of identify
 j - a scroll of fog {unknown}
Potions
 b - a potion of mutation
 c - a potion of resistance {unknown}
 d - a potion of heal wounds {unknown}
 f - a potion of haste {unknown}
 h - a potion of enlightenment {unknown}
 k - a potion of ambrosia {unknown}
 l - 3 potions of degeneration {unknown}

Dungeon Overview and Level Annotations

Branches:
Dungeon (3/15)

Altars:


Message History

The orc hits you with a +0 falchion. x2
You shoot a sling bullet. The sling bullet barely misses the orc.
The sling bullet closely misses the orc.
The orc barely misses you.
You shoot a sling bullet.
The sling bullet closely misses the orc.
The sling bullet hits the orc.
The orc is lightly wounded.
The orc completely misses you.
You shoot a sling bullet.
The sling bullet barely misses the orc. x2
The orc hits you with a +0 falchion.
You shoot a sling bullet. The sling bullet barely misses the orc.
The sling bullet closely misses the orc.
The orc hits you but does no damage.
An orc comes into view. It is wielding a +0 mace.
You shoot a sling bullet. The orc shouts!
The sling bullet hits the orc.
You kill the orc!
The orc closely misses you.
You shoot a sling bullet. The sling bullet barely misses the orc.
The orc hits you with a +0 flail. The orc closely misses you.
You shoot a sling bullet.
The sling bullet closely misses the orc.
The orc closely misses you.
You shoot a sling bullet.
The sling bullet closely misses the orc.
The orc barely misses you.
You shoot a sling bullet.
The sling bullet closely misses the orc.
The orc hits you with a +0 flail.
You shoot a sling bullet. The sling bullet barely misses the orc.
The orc closely misses you. The orc barely misses you. x3
You shoot a sling bullet.
The sling bullet closely misses the orc.
The orc closely misses you. The orc barely misses you.
You shoot a sling bullet. The sling bullet hits the orc.
You kill the orc!
The orc hits you with a +0 mace.
You die...

##### #.#
##.## #...#
#...####...
#..%%..'...
#...####...
+....#
##....#
#.@...#
#.....)o...#
#.#%###.#..#
.. .%...# #.
##.#..# #
(#%#.## ##.#
.....


You could see an orc.

Vanquished Creatures
  A jelly (D:3)
  An adder (D:2)
  3 worms
  8 orcs (D:3)
  4 ball pythons
  7 endoplasms
  3 giant cockroaches
  2 goblins
  6 hobgoblins
  6 jackals
  2 kobolds
  A quokka (D:1)
  3 bats
  3 frilled lizards
  3 rats
53 creatures vanquished.

Notes
Turn   | Place    | Note
-------+----------+-------------------------------------------
     0 | D:1      | qw the Gargoyle Hexslinger began the quest for the Orb.
     0 | D:1      | Reached XP level 1. HP: 12/12 MP: 2/2
     0 | D:1      | 0 ||| qw: Version: 0.3-a-52-g30416fa
     0 | D:1      | 0 ||| qw: Game counter: 5454
     0 | D:1      | 0 ||| qw: Melee chars always use a shield: true
     0 | D:1      | 0 ||| qw: God list: Okawaru
     0 | D:1      | 0 ||| qw: Allow faded altars: false
     0 | D:1      | 0 ||| qw: Do Orc after clearing Dungeon:15 true
     0 | D:1      | 0 ||| qw: Do second Lair branch before Depths: true
     0 | D:1      | 0 ||| qw: Lair rune preference: random
     0 | D:1      | 0 ||| qw: Goals: Normal
     0 | D:1      | 0 ||| PLANNING D:1-11
   212 | D:1      | Reached XP level 2. HP: 13/16 MP: 3/3
   539 | D:1      | Reached skill level 3 in Ranged Weapons
   787 | D:1      | 787 ||| UPGRADING to +6 ring of strength.
   788 | D:1      | 788 ||| READING scroll labelled QOUKHLO KIDGHUB.
   793 | D:1      | 793 ||| READING scroll labelled IBUTHR IRHOYH.
   794 | D:1      | 794 ||| READING scroll labelled ROYCVO POETOE.
   795 | D:1      | 795 ||| READING scroll labelled BAAKOE GUNEG.
   796 | D:1      | 796 ||| READING scroll labelled XOCEDY QACK.
   797 | D:1      | 797 ||| DRINKING 2 silvery potions.
   798 | D:1      | 798 ||| DROPPING scroll of poison.
   799 | D:1      | 799 ||| DROPPING potion of attraction.
  1205 | D:2      | Reached XP level 3. HP: 21/21 MP: 4/4
  1463 | D:2      | 1463 ||| UPGRADING to +0 leather armour.
  1465 | D:2      | 1465 ||| Stepping ~*~*~tactically~*~*~ (water).
  1481 | D:2      | 1481 ||| UPGRADING to +0 leather armour.
  1516 | D:2      | 1516 ||| DROPPING +0 robe.
  1746 | D:2      | 1746 ||| READING scroll labelled JIXTOF XEUTESU.
  1747 | D:2      | 1747 ||| READING 2 scrolls of identify.
  1747 | D:2      | 1747 ||| IDENTIFYING emerald potion
  1801 | D:3      | Reached XP level 4. HP: 26/26 MP: 5/5
  1856 | D:3      | HP: 4/26 [orc/+0 flail (4)]
  1859 | D:3      | Reached skill level 4 in Ranged Weapons
  2150 | D:3      | Found a faded altar of an unknown god.
  2293 | D:3      | HP: 5/26 [orc/+0 flail (3)]
  2296 | D:3      | Slain by an orc

Levels and vault maps discovered:
D:1:      amcnicky_arrival_abandoned_market, layout_loops_ring,
          minmay_crystal_water, lemuel_flame_loot_1
D:2:      cheibrodos_old_hovel, layout_basic, serial_bayou, serial_bayou_pond_e,
          serial_bayou_pond_d, serial_bayou_pond_c, serial_bayou_shore_a
D:3:      layout_basic, hellmonk_ecumenical_altar_leap_of_faith,
          minmay_surrounded, uniq_robin

Skill      XL: |  1  2  3  4 |
---------------+-------------+-----
Ranged Weapons | 3 4 |  4.6
Fighting       | 2 |  2.0
Dodging        | |  1.5
Spellcasting   | |  1.0
Hexes          | |  2.6

Action                     |  1- 3 |  4- 6 || total
---------------------------+-------+-------++-------
   Fire: Sling             |   100 |    60 ||   160
    Use: Scroll            |     7 |       ||     7
         Potion            |     1 |       ||     1
 Armour: Robe              |     5 |       ||     5
         Leather armour    |     1 |     8 ||     9
  Dodge: Dodged            |    24 |    23 ||    47

Table legend:
 A = Non-vault XP
 B = Vault XP
 C = Vault XP percentage of total XP
 D = Non-vault monster count
 E = Vault monster count
 F = Vault count percentage of total count
                 A         B        C        D         E       F
            +---------+---------+-------+---------+---------+-------
      Total |     108 |      58 |  34.9 |      45 |       8 |  15.1
            +---------+---------+-------+---------+---------+-------
        D:1 |      25 |       0 |   0.0 |      14 |       0 |   0.0
        D:2 |      49 |       2 |   3.9 |      17 |       1 |   5.6
        D:3 |      34 |      56 |  62.2 |      14 |       7 |  33.3
            +---------+---------+-------+---------+---------+-------
